 Dungeon Crawl Stone Soup version 0.31-a0-227-ga22c3bf811 (webtiles) character file.

Game seed: 1208750114681695911

53 Ijustatesigmund the Stinger (level 3, -1/23 HPs)
             Began as an Octopode Venom Mage on July 6, 2023.
             Slain by a hobgoblin (3 damage)
             ... led by Robin
             ... on level 3 of the Dungeon.
             The game lasted 00:02:00 (1240 turns).

Ijustatesigmund the Stinger (Octopode Venom Mage)   Turns: 1240, Time: 00:02:01

Health: -1/23      AC:  1    Str:  7    XL:     3   Next: 87%
Magic:  3/6        EV: 13    Int: 19    God:
Gold:   78         SH:  0    Dex: 12    Spells: 1/7 levels left

rFire   . . .        c - +0 mace
rCold   . . .        (no shield)
rNeg    . . .        (helmet restricted)
rPois   .            (no amulet)
rElec   .            (no ring)
rCorr   .            (no ring)
SInv    .            (no ring)
Will    .....        (no ring)
Stlth   +++          (no ring)
HPRegen 0.23/turn    (no ring)
MPRegen 0.10/turn    (no ring)
                     (no ring)

%: no passive effects
@: very slightly contaminated
A: almost no armour, amphibious, 8 rings, camouflage 1, gelatinous body 1,
(nimble swimmer 1), tentacles
a: no special abilities


You were on level 3 of the Dungeon.
You visited 1 branch of the dungeon, and saw 3 of its levels.

You collected 78 gold pieces.

Inventory:

Hand Weapons
 c - a +0 mace (weapon)
Scrolls
 e - a scroll of identify {unknown}
Potions
 a - a potion of magic


   Skills:
 + Level 1.5 Fighting
 - Level 2.0 Dodging
 - Level 2.6 Stealth
 + Level 2.5 Spellcasting
 - Level 1.0 Transmutations
 + Level 1.1 Air Magic
 + Level 4.2 Poison Magic


You had one spell level left.
You knew the following spells:

 Your Spells              Type           Power      Damage    Failure   Level
a - Sting                 Tmut/Pois      48%        1d5       5%          1
b - Poisonous Vapours     Pois/Air       24%        N/A       8%          2
c - Mephitic Cloud        Conj/Pois/Air  9%         N/A       22%         3

Your spell library contained the following spells:

 Spells                   Type           Power      Damage    Failure   Level
 Sandblast                Erth           4%         2d4       16%         1
 Passwall                 Tmut/Erth      3%         N/A       21%         2
 Olgreb's Toxic Radiance  Pois           18%        N/A       26%         4
 Stone Arrow              Conj/Erth      4%         3d7       43%         3


Dungeon Overview and Level Annotations

Branches:
Dungeon (3/15)

Altars:


Innate Abilities, Weirdness & Mutations

You cannot wear most types of armour.
You are amphibious.
You can wear up to eight rings at the same time.
Your skin changes colour to match your surroundings (Stealth+).
Your rubbery body absorbs attacks. (AC +1, EV +1)
((You are camouflaged when in or above water. (Stealth+)))
You have tentacles for arms and can constrict up to eight enemies at once.


Message History

The goblin hits you with a +0 dagger.
You barely miss the goblin. Your grab misses the goblin.
Your squeeze misses the goblin.
The goblin is moderately wounded.
You kill the goblin!
You hit the hobgoblin but do no damage. Your grab misses the hobgoblin.
You squeeze the hobgoblin.
The hobgoblin is lightly wounded.
The hobgoblin misses you.
A hobgoblin comes into view.
A goblin comes into view. It is wielding a +0 club.
The hobgoblin attacks as you move away! The hobgoblin barely misses you.
The hobgoblin shouts!
You hear a shout!
There is a stone staircase leading down here.
You climb downwards.
Found 12 gold pieces.
There is a stone staircase leading up here.
The gnoll shouts! x3; You hear an angry hiss.
You hear a shout!
A ball python comes into view.
The gnoll hits you from afar with a +0 halberd!
Ouch! That really hurt!
* * * LOW HITPOINT WARNING * * *
A gnoll comes into view. It is wielding a +0 club.
The hobgoblin attacks as you move away! The hobgoblin hits you.
* * * LOW HITPOINT WARNING * * *
Found a stone staircase leading up.
A kobold comes into view.
It is wielding a +0 short sword and quivering poisoned darts.
You feel better. The hobgoblin misses you.
Casting: Poisonous Vapours (safe; 8% risk of failure)
Confirm with . or Enter, or press ? or * to list all spells.
The spell is extremely dangerous to miscast (22% risk of failure)!
Continue anyway?
Aiming: Mephitic Cloud (extremely dangerous; 22% risk of failure)
Press: ? - help, Shift-Dir - straight line You miscast Mephitic Cloud.
You are very lightly contaminated with residual magic.
You are caught in an explosion of electrical discharges!
* * * LOW HITPOINT WARNING * * *
The kobold shouts!
The hobgoblin hits you.
You die...

## .. ####. ##
...#.## .#
#....##. # #
#.....##.#.#
..####.$.@....#
.......gg.....#
####..gg......#
#.S###...#..<
#........# ..
#g####.#... .
#. K....# g.
...... .## ##


You could see 4 gnolls, a hobgoblin, a ball python and a kobold.

Vanquished Creatures
  Terence (D:2)
  An adder (D:2)
  A ball python (D:1)
  3 endoplasms (D:1)
  A giant cockroach (D:1)
  3 hobgoblins (D:1)
  2 kobolds
  A quokka (D:1)
  A bat (D:1)
  2 frilled lizards (D:1)
  4 goblins
  A rat (D:1)
21 creatures vanquished.

Notes
Turn   | Place    | Note
-------+----------+-------------------------------------------
     0 | D:1      | Ijustatesigmund the Octopode Venom Mage began the quest for
                  | the Orb.
     0 | D:1      | Reached XP level 1. HP: 11/11 MP: 3/3
   283 | D:1      | Reached XP level 2. HP: 17/18 MP: 1/5
   334 | D:1      | Learned a level 2 spell: Poisonous Vapours
   472 | D:1      | Reached skill level 1 in Fighting
   540 | D:1      | Reached skill level 4 in Poison Magic
  1089 | D:2      | Noticed Terence
  1101 | D:2      | Killed Terence
  1102 | D:2      | Reached skill level 1 in Air Magic
  1102 | D:2      | Reached XP level 3. HP: 11/23 MP: 3/6
  1106 | D:2      | Learned a level 3 spell: Mephitic Cloud
  1240 | D:3      | Slain by a hobgoblin

Illustrated notes

Levels and vault maps discovered:
D:1:      minmay_arrival_solitary_statue, layout_loops_ring
D:2:      layout_loops_corners, uniq_robin, uniq_terence
D:3:      layout_rooms, marbit_many_paths, old_standard_altar, uniq_grinder,
          uniq_crazy_yiuf_cottage

Skill      XL: |  1  2 |
---------------+-------+-----
Fighting       | 1 |  1.5
Poison Magic   | 4 |  4.2
Air Magic      | 1 |  1.1
Dodging        | |  2.0
Stealth        | |  2.6
Spellcasting   | |  2.5
Transmutations | |  1.0

Action                     || total
---------------------------++-------
  Melee: Tentacles         ||     5
         Unarmed           ||     1
         Mace              ||    23
         Short sword       ||     8
         Constrict         ||     3
   Cast: Sting             ||    18
         Poisonous Vapours ||     6
    Use: Potion            ||     2
  Dodge: Dodged            ||    26

Table legend: (Time is in decaauts)
 A = Elapsed time spent in this place.
 B = Non-inter-level travel time spent in this place.
 C = Inter-level travel time spent in this place.
 D = Time resting spent in this place.
 E = Time spent auto-exploring this place.
 F = Levels seen in this place.
 G = Mean time per level.
                   A        B        C        D        E       F      G
               +--------+--------+--------+--------+--------+-----+--------+
         Total |   1247 |   1238 |      9 |    164 |    896 |   3 |  415.7 |
       Dungeon |   1247 |   1238 |      9 |    164 |    896 |   3 |  415.7 |
               +--------+--------+--------+--------+--------+-----+--------+

Top non-repeatable levels by time:
     D:1: 978 daAuts
     D:2: 264 daAuts
     D:3: 4 daAuts
